 Dungeon Crawl Stone Soup version 0.30-a0-297-g0ec75d9ef4 (webtiles) character file.

Game seed: 2740824393088405975

18088 Dnbvrw the Unseen (level 12, -6/60 HPs)
             Began as a Spriggan Enchanter on Oct 18, 2022.
             Was a High Priest of Dithmenos.
             Mangled by a harpy simulacrum (15 damage)
             ... in an ice cave on Oct 19, 2022.
             The game lasted 00:42:57 (11954 turns).

Dnbvrw the Unseen (Spriggan Enchanter)             Turns: 11954, Time: 00:42:58

Health: -6/60      AC: 12    Str:  8    XL:     12   Next: 24%
Magic:  29/29      EV: 40    Int: 16    God:    Dithmenos [*****.]
Gold:   727        SH:  0    Dex: 23    Spells: 12/35 levels left

rFire   + . .      SeeInvis +    a - +1 dagger (protect)
rCold   . . .      Faith    .    (no shield)
rNeg    . . .      Spirit   .    b - +1 robe
rPois   .          Reflect  .    j - +2 hat
rElec   .          Harm     .    (no cloak)
rCorr   .          Rampage  .    (gloves unavailable)
Will    ++...      Clarity  +    (boots unavailable) Stlth *+++++++++
                                 k - amulet of the acrobat
HPRegen 0.30/turn                e - +6 ring of dexterity
MPRegen 0.21/turn                n - ring of protection from fire

@: under a protective aura, acrobatic, wreathed by umbra, studying
Transmutations, invisible (expiring), very quick
A: very small, no large weapons, unfitting armour, see invisible, speed 3, fangs
1, clarity
a: Renounce Religion, Shadow Step, Shadow Form


You were in an ice cave.
You worshipped Dithmenos.
Dithmenos was extremely pleased with you.
You visited 2 branches of the dungeon, and saw 13 of its levels.
You also visited: Ossuary and Ice Cave.

You collected 727 gold pieces.

Inventory:

Hand Weapons
 a - a +1 dagger of protection (weapon)
Missiles
 p - 2 throwing nets
 C - 3 curare-tipped darts (quivered)
Armour
 b - a +1 robe (worn)
 j - a +2 hat (worn)
 G - a +0 troll leather armour
 I - the +0 buckler of the Kettle-Drum {Dex+4 Slay+3}
   (You found it on level 9 of the Dungeon)

   Dex:       It affects your dexterity (+4).
   Slay:      It affects your accuracy & damage with ranged weapons and melee
   (+3).
Jewellery
 e - a +6 ring of dexterity (left hand)
 k - an amulet of the acrobat (around neck)
 n - a ring of protection from fire (right hand)
 q - a ring of poison resistance
 J - a ring of resist corrosion
Wands
 o - a wand of digging (8)
 u - a wand of paralysis (8)
 w - a wand of roots (4)
 x - a wand of polymorph (4)
Scrolls
 d - a scroll of vulnerability
 g - 6 scrolls of amnesia
 r - 4 scrolls of teleportation
 s - a scroll of enchant armour
 t - a scroll of immolation
 y - 2 scrolls of butterflies
 A - 2 scrolls of fear
Potions
 c - 2 potions of invisibility
 f - 9 potions of curing
 h - 2 potions of lignification
 i - 2 potions of heal wounds
 l - 2 potions of berserk rage
 m - 3 potions of brilliance
 v - a potion of resistance
 z - a potion of magic
 B - 4 potions of flight
 D - a potion of cancellation {unknown}
 E - a potion of might {unknown}
 F - 2 potions of mutation
 H - a potion of haste
Miscellaneous
 K - a lightning rod (4/4)


   Skills:
 + Level 5.0 Fighting
 + Level 6.7 Short Blades
 + Level 8.6 Dodging
 + Level 15.1 Stealth
 + Level 12.3 Spellcasting
 * Level 13.0 Hexes


You had 12 spell levels left.
You knew the following spells:

 Your Spells              Type           Power      Damage    Failure   Level
a - Ensorcelled Hibernat  Hex/Ice        60%        N/A       1%          2
b - Tukima's Dance        Hex            51%        N/A       1%          3
c - Dazzling Flash        Conj/Hex       60%        N/A       1%          3
d - Confusing Touch       Hex            51%        N/A       1%          3
e - Summon Mana Viper     Hex/Summ       30%        N/A       14%         5
f - Enfeeble              Hex            25%        N/A       28%         7

Your spell library contained the following spells:

 Spells                   Type           Power      Damage    Failure   Level
 Freeze                   Ice            36%        1d5       8%          1
 Scorch                   Fire           18%        2d5       11%         2
 Yara's Violent Unravell  Hex/Tmut       15%        3d8       14%         5
 Frozen Ramparts          Ice            18%        1d3       22%         3
 Gell's Gravitas          Tloc           9%         N/A       22%         3
 Hailstorm                Conj/Ice       9%         3d4       22%         3
 Ozocubu's Armour         Ice            9%         N/A       22%         3
 Teleport Other           Tloc           9%         N/A       22%         3
 Flame Wave               Conj/Fire      9%         2d6       58%         4
 Summon Forest            Summ/Tloc      4%         N/A       90%         5
 Dispersal                Tloc           4%         N/A       100%        6
 Summon Cactus Giant      Summ           4%         N/A       100%        6
 Ozocubu's Refrigeration  Ice            4%         4d8       100%        7
 Chain Lightning          Conj/Air       4%         3d6       100%        9
 Fire Storm               Conj/Fire      4%         8d1       100%        9
 Shatter                  Erth           4%         3d8*      100%        9


Dungeon Overview and Level Annotations

Branches:
Dungeon (12/15)            Temple (1/1) D:4            Lair (0/5) D:11
    Orc (0/2) D:10        Ossuary (visited)           IceCv (1/1)

Altars:
Ashenzari
Cheibriados
Dithmenos
Elyvilon
Hepliaklqana
Kikubaaqudgha
Qazlal
Trog
Uskayaw
Wu Jian
Xom
Yredelemnul
Zin

Shops:
D:4 [

Annotations:
D:9 2 runed translucent doors
D:10 1 runed translucent door, hotpinklipstick's ghost, journeyman OpCK


Innate Abilities, Weirdness & Mutations

You are very small and have problems with some larger weapons.
You are too small for most types of armour.
You have supernaturally acute eyesight. (SInv)
You cover ground extremely quickly. (Speed+++)
You have very sharp teeth.
You possess an exceptional clarity of mind.


Message History

You hit the polar bear simulacrum.
You bite the polar bear simulacrum, but do no damage.
The polar bear simulacrum is lightly damaged.
The polar bear simulacrum completely misses you.
The polar bear simulacrum closely misses you.
The polar bear simulacrum completely misses you.
You hit the polar bear simulacrum.
You bite the polar bear simulacrum, but do no damage.
The polar bear simulacrum is moderately damaged.
Your shadow completely misses the polar bear simulacrum.
The harpy simulacrum misses you. x2
You hit the polar bear simulacrum.
The polar bear simulacrum is moderately damaged.
The harpy simulacrum completely misses you. x2
You feel much better. The harpy simulacrum barely misses you.
The harpy simulacrum misses you.
The polar bear simulacrum completely misses you.
The polar bear simulacrum closely misses you. x2
The harpy simulacrum completely misses you.
The harpy simulacrum claws you! The harpy simulacrum freezes you!
Unknown command.
You hit the polar bear simulacrum but do no damage.
The polar bear simulacrum is moderately damaged.
The harpy simulacrum misses you. x2
You hit the polar bear simulacrum but do no damage.
You bite the polar bear simulacrum, but do no damage.
The polar bear simulacrum is moderately damaged.
The polar bear simulacrum completely misses you. x2
The polar bear simulacrum claws you. The polar bear simulacrum freezes you!
* * * LOW HITPOINT WARNING * * *
The harpy simulacrum closely misses you.
The harpy simulacrum barely misses you.
Unknown command.
The harpy simulacrum misses you.
The harpy simulacrum claws you but does no damage.
You flicker for a moment.
The harpy simulacrum misses you. The harpy simulacrum claws you.
* * * LOW HITPOINT WARNING * * *
The harpy simulacrum freezes you!
You die...

### ############# ###### $?.Z
##.....#$$$..## ##..... .....
##....Z.#!.....###......
......#§§.....#.......#.......
...u...§§...Z@...........∩..∩.
......#§§§....#.......#.......
..... ##§§....#......###......
$$.. ##.....#[$(..## ##.....
### ############# ######


You could see a cane toad simulacrum (wandering, unable to see you) and a harpy
simulacrum (unable to see you).

Vanquished Creatures
  2 boulder beetles
  A death yak (D:11)
  A tengu warrior (D:9)
  An orc knight (D:11)
  A deep elf pyromancer (D:9)
  An ugly thing (IceCv)
  2 cyclopes
  An elephant (D:11)
  Joseph (D:7)
  3 ice statues (IceCv)
  An unseen horror (D:11)
  3 trolls
  A meliai (D:9)
  A hornet (D:9)
  A shadow (D:10)
  2 vampires
  A dire elephant simulacrum (IceCv)
  5 wyverns
  A basilisk (D:11)
  A human (D:10)
  11 yaks
  A steam dragon (D:6)
  A warg (D:10)
  A harpy simulacrum (IceCv)
  A water moccasin (D:8)
  4 ice beasts
  A sky beast (D:7)
  12 orc warriors
  A black bear (D:11)
  4 ogres
  2 wolves (D:8)
  A centaur (D:9)
  A phantom (D:4)
  2 kobold brigands
  4 elf zombies (Ossuary)
  7 bullfrogs
  A necrophage (D:6)
  2 scorpions
  8 wights
  22 killer bees
  3 elephant simulacra (IceCv)
  An electric eel (D:8)
  8 howler monkeys
  4 hounds
  A human zombie (Ossuary)
  6 jellies
  12 orc priests
  Jessica (D:2)
  7 iguanas
  11 orc wizards
  A polar bear simulacrum (IceCv)
  2 mummies (Ossuary)
  5 adders
  3 gnolls (D:5)
  6 white imps
  3 ufetubi
  A dart slug (D:3)
  66 orcs
  4 bats
  6 endoplasms
  3 giant cockroaches
  9 goblins
  8 hobgoblins
  5 jackals
  4 quokkas
  4 ball pythons
  2 frilled lizards (D:2)
  4 goblin zombies (Ossuary)
  8 hobgoblin zombies (Ossuary)
  A jackal zombie (Ossuary)
  16 kobolds
  9 kobold zombies (Ossuary)
  9 orc zombies (Ossuary)
  2 rats
353 creatures vanquished.

Vanquished Creatures (collateral kills)
  An orc warrior (D:9)
  6 wights
  An orc priest (D:10)
  An orc wizard (D:10)
  3 orcs
12 creatures vanquished.

Vanquished Creatures (others)
  A wizard (D:6)
  6 dancing weapons
  A fungus (D:11)
  2 plants (D:11)
10 creatures vanquished.

Grand Total: 375 creatures vanquished

Notes
Turn   | Place    | Note
-------+----------+-------------------------------------------
     0 | D:1      | Dnbvrw the Spriggan Enchanter began the quest for the Orb.
     0 | D:1      | Reached XP level 1. HP: 9/9 MP: 5/5
   235 | D:1      | Reached XP level 2. HP: 13/13 MP: 7/7
   241 | D:1      | Learned a level 2 spell: Ensorcelled Hibernation
   829 | D:2      | Noticed Jessica
   836 | D:2      | Killed Jessica
   837 | D:2      | Reached XP level 3. HP: 16/16 MP: 7/9
   844 | D:2      | Learned a level 3 spell: Tukima's Dance
   848 | D:2      | Learned a level 3 spell: Confusing Touch
  1284 | D:2      | Reached XP level 4. HP: 21/21 MP: 11/11
  1463 | D:3      | You fall into a shaft and drop 2 floors!
  1463 | D:5      | Entered Level 5 of the Dungeon
  1503 | D:4      | Reached skill level 5 in Hexes
  1623 | D:4      | Noticed a scorpion
  1722 | D:3      | Found a shadowy altar of Dithmenos.
  1731 | D:3      | Became a worshipper of Dithmenos the Shadowed
  1732 | D:3      | Identified the +3 ring mail of the Ditch-Digger {rF- Str+7
                  | Int-5 Slay+4}
  1785 | D:3      | Found a stormy altar of Qazlal.
  1879 | D:3      | Reached skill level 5 in Spellcasting
  1879 | D:3      | Reached XP level 5. HP: 20/24 MP: 1/13
  2025 | D:3      | Found an ancient bone altar of Kikubaaqudgha.
  2318 | D:3      | Found an ornate altar of the Wu Jian Council.
  2419 | D:4      | Found a staircase to the Ecumenical Temple.
  2441 | Temple   | Entered the Ecumenical Temple
  2527 | D:4      | Reached skill level 5 in Stealth
  2561 | D:4      | Noticed an ice beast
  2581 | D:4      | Killed an ice beast
  2582 | D:4      | Reached XP level 6. HP: 28/28 MP: 12/15
  2648 | D:4      | Found Ecvulod's Antique Armour Boutique.
  2758 | D:4      | Reached * piety under Dithmenos
  2759 | D:4      | Reached skill level 6 in Stealth
  2968 | D:5      | Reached XP level 7. HP: 32/32 MP: 17/17
  3098 | D:5      | Reached skill level 7 in Stealth
  3184 | D:5      | Learned a level 3 spell: Dazzling Flash
  3632 | D:5      | Reached skill level 8 in Stealth
  3783 | D:6      | Reached ** piety under Dithmenos
  3819 | D:6      | Noticed a steam dragon
  3831 | D:6      | Killed a steam dragon
  3832 | D:6      | Reached XP level 8. HP: 36/36 MP: 14/20
  4039 | D:6      | Reached skill level 9 in Stealth
  4105 | D:6      | Found a bloodstained altar of Trog.
  4138 | D:6      | Noticed a wizard
  4146 | D:6      | Killed a wizard
  4307 | D:6      | Found a white marble altar of Elyvilon.
  4458 | D:6      | Found a glowing silver altar of Zin.
  4742 | D:7      | Found a shimmering altar of Xom.
  4851 | D:6      | Reached skill level 10 in Stealth
  5022 | D:7      | Noticed Joseph
  5030 | D:7      | Killed Joseph
  5031 | D:7      | Reached XP level 9. HP: 39/39 MP: 17/23
  5083 | D:7      | Reached skill level 11 in Stealth
  5249 | D:7      | Found a basalt altar of Yredelemnul.
  5249 | D:7      | Found a snail-covered altar of Cheibriados.
  5251 | D:7      | Found a broken altar of Ashenzari.
  5316 | D:7      | Reached skill level 10 in Hexes
  5431 | D:7      | Identified the +4 spear "Dnbvrw's Regret" {distort, rCorr
                  | Dex+4}
  5906 | D:7      | Reached skill level 12 in Stealth
  5906 | D:7      | Reached skill level 10 in Spellcasting
  6368 | D:8      | Reached *** piety under Dithmenos
  6442 | D:8      | Reached skill level 1 in Fighting
  6468 | D:8      | Found a sand-covered staircase.
  6509 | Ossuary  | Entered an ossuary
  6799 | Ossuary  | Reached **** piety under Dithmenos
  6865 | D:8      | Reached XP level 10. HP: 45/45 MP: 25/25
  8195 | D:9      | Reached skill level 5 in Dodging
  8323 | D:9      | Found a large runed translucent door.
  8324 | D:9      | Found a large runed translucent door.
  8420 | D:9      | Reached skill level 13 in Stealth
  8468 | D:9      | Noticed a deep elf pyromancer
  8476 | D:9      | Found a large runed translucent door.
  8476 | D:9      | Found a large runed translucent door.
  8624 | D:9      | Noticed a tengu warrior
  8631 | D:9      | Killed a tengu warrior
  8787 | D:9      | Reached ***** piety under Dithmenos
  8809 | D:9      | Noticed a boulder beetle
  8812 | D:9      | Reached XP level 11. HP: 52/52 MP: 14/27
  8819 | D:9      | Killed a boulder beetle
  9443 | D:9      | Killed a deep elf pyromancer
  9444 | D:9      | Reached skill level 5 in Short Blades
  9487 | D:9      | Identified the +0 buckler of the Kettle-Drum {Dex+4 Slay+3}
  9516 | D:10     | Entered Level 10 of the Dungeon
  9710 | D:10     | Found a staircase to the Orcish Mines.
  9733 | D:10     | Reached skill level 14 in Stealth
  9855 | D:10     | Found a runed translucent door.
  9856 | D:10     | Noticed hotpinklipstick's ghost (journeyman OpCK)
 10015 | D:10     | Gained mutation: You possess an exceptional clarity of
                  | mind. [potion of mutation]
 10015 | D:10     | Gained mutation: You have very sharp teeth. [potion of
                  | mutation]
 10229 | D:10     | Found a hide-covered altar of Uskayaw.
 10229 | D:10     | Found a hazy altar of Hepliaklqana.
 10551 | D:11     | Noticed a boulder beetle
 10553 | D:11     | Killed a boulder beetle
 10583 | D:11     | Learned a level 5 spell: Summon Mana Viper
 10591 | D:11     | Learned a level 7 spell: Enfeeble
 10602 | D:11     | Noticed an orc knight
 10611 | D:11     | Killed an orc knight
 10849 | D:11     | Identified the +11 falchion of a Hundred Xenops {vorpal,
                  | Drain rCorr Int-4 Dex+8}
 10860 | D:11     | Found a staircase to the Lair.
 10861 | D:11     | Noticed a death yak
 10912 | D:11     | Killed a death yak
 10928 | D:11     | Reached XP level 12. HP: 43/58 MP: 3/29
 11631 | D:12     | Found a frozen archway.
 11639 | IceCv    | Entered an ice cave
 11905 | IceCv    | Reached skill level 15 in Stealth
 11908 | IceCv    | Reached skill level 5 in Fighting
 11954 | IceCv    | Mangled by a harpy simulacrum

Illustrated notes

Levels and vault maps discovered:
D:1:      nagdon_arrival_double_spiral, layout_loops_ring
D:2:      layout_basic, minmay_goblin_kobold_house, uniq_jessica
D:3:      layout_rooms, nicolae_kikubaaqudgha_miasma_corner,
          nzn_wu_jian_contemplation, mainiacjoe_overflow_large_starburst
D:4:      layout_basic, minmay_temple_entry_offerings, serial_shops,
          nicolae_shop_trees
D:5:      layout_basic
D:6:      layout_basic, trog_wizard, nicolae_overflow_hidden_temple,
          zin_academy, minmay_misc_feat_ornament
D:7:      layout_basic, mainiacjoe_overflow_tiny_flanked,
          gammafunk_temple_overflow_claw, uniq_joseph
D:8:      layout_loops_ring, serial_ice, serial_ice_c, serial_ice_f,
          serial_ice_n, serial_ice_l, nicolae_ossuary_entry_false_entrances
D:9:      layout_stronghold, minmay_hollow_rounded_squares
D:10:     layout_stronghold, jmf_multi_god_temple, erik_orc_4,
          ebering_ghost_reflecting_pool
D:11:     layout_roguey [special_room_orc], david_lair_generic,
          reono_crystal_passage
D:12:     layout_loops_ring, portal_ice_cave_rime,
          nicolae_kite_square_tiling_tiny,
          nicolae_uskayaw_murder_on_the_dancefloor, uniq_rupert, uniq_azrael
Temple:   grunt_temple_mini_profane
IceCv:    ice_cave_statue_garden_chambered

Skill      XL: |  1  2  3  4  5  6  7  8  9 10 11 12 |
---------------+-------------------------------------+-----
Spellcasting   | 3 4 5 6 7 9 10 11 12 | 12.3
Hexes          | 4 5 6 7 9 10 11 12 13 | 13.0
Stealth        | 5 6 8 10 12 13 14 15 | 15.1
Dodging        | 4 6 8 |  8.6
Fighting       | 1 3 4 5 |  5.0
Short Blades   | 2 4 6 |  6.7

Action                   |  1- 3 |  4- 6 |  7- 9 | 10-12 || total
-------------------------+-------+-------+-------+-------++-------
Melee: Dagger            |    79 |   146 |   329 |   379 ||   933
       Punch             |       |       |     1 |     6 ||     7
       Bite              |       |       |       |    16 ||    16
Throw: Dart              |       |       |       |     4 ||     4
 Cast: Ensorcelled Hiber |       |    22 |    76 |    56 ||   154
       Confusing Touch   |       |     3 |    14 |    12 ||    29
       Tukima's Dance    |       |       |     5 |    23 ||    28
       Dazzling Flash    |       |       |       |    13 ||    13
Invok: Shadow Step       |       |       |       |     2 ||     2
Evoke: Wand              |       |     3 |       |     3 ||     6
  Use: Scroll            |     9 |     6 |     3 |     7 ||    25
       Potion            |       |       |       |     4 ||     4
 Stab: Sleeping          |    19 |    24 |    87 |    68 ||   198
       Confused          |       |     2 |    15 |     9 ||    26
       Distracted        |       |       |     2 |     4 ||     6
       Invisible         |       |       |       |    16 ||    16
Armor: Robe              |     9 |    14 |    41 |    45 ||   109
Dodge: Dodged            |    45 |    98 |   252 |   338 ||   733

Table legend: (Time is in decaauts)
 A = Elapsed time spent in this place.
 B = Non-inter-level travel time spent in this place.
 C = Inter-level travel time spent in this place.
 D = Time resting spent in this place.
 E = Time spent auto-exploring this place.
 F = Levels seen in this place.
 G = Mean time per level.
                   A        B        C        D        E       F      G
               +--------+--------+--------+--------+--------+-----+--------+
         Total |   8837 |   8567 |    270 |    721 |   5440 |  15 |  589.1 |
       Dungeon |   8307 |   8040 |    267 |    493 |   5383 |  12 |  692.2 |
        Temple |      8 |      6 |      2 |      0 |      4 |   1 |    8.0 |
       Ossuary |    238 |    238 |      0 |      8 |     52 |   1 |  238.0 |
      Ice Cave |    282 |    282 |      0 |    220 |      0 |   1 |  282.0 |
               +--------+--------+--------+--------+--------+-----+--------+

Top non-repeatable levels by time:
     D:9: 1106 daAuts
     D:7: 1059 daAuts
     D:8: 1038 daAuts
     D:6: 851 daAuts
    D:10: 713 daAuts
    D:11: 699 daAuts
     D:5: 618 daAuts
     D:4: 592 daAuts
     D:2: 508 daAuts
     D:3: 502 daAuts
     D:1: 490 daAuts
   IceCv: 282 daAuts
 Ossuary: 238 daAuts
    D:12: 126 daAuts
  Temple: 8 daAuts
